Map: Mist Opportunities

Players

Yuriprime

  • Race: Zerg Zerg
  • Spawn Location: 6:00

ViS

  • Race: Zerg Zerg

VOD

Have the link to the VOD?

Description

Time

  • Played on: March 9, 2018, 7:43 a.m.
  • Length: 30:08
Show
View Real Time Build Order
Export as new Build Order

Yuriprime Zerg 

Build Orders:  

Get SALT Encoding   

  12  0:04  Drone  
  13  0:18  Overlord  
  13  0:24  Drone  
  14  0:45  Drone x3  
  17  1:00  Roach Warren  
  16  1:28  Roach x2  
  16  1:29  Roach  
  22  1:39  Extractor  
  21  1:41  Extractor  
  21  1:43  Overlord  
  20  1:52  Drone  
  20  1:53  Drone  
  22  2:08  Drone  
  22  2:09  Drone  
  24  2:36  Lair  
  24  2:37  Roach  
  24  2:39  Drone  
  25  2:42  Drone  
  26  2:54  Overlord  
  26  2:59  Brutalisk  
  26  3:24  Roach  
  26  3:40  Drone  
  26  3:41  Drone x3  
  26  3:42  Spire  
  26  3:46  Brutalisk  
  29  4:15  Mutalisk  
  29  4:16  Mutalisk  
  33  4:33  Roach  
  33  4:55  Mutalisk, Brutalisk, Drone x2  
  33  4:56  Drone  
  38  5:13  Overlord  
  38  5:14  Overlord x2  
  38  5:57  Drone x4  
  38  5:58  Drone x2  
  44  7:21  Spine Crawler  
  44  7:22  Spine Crawler x2  
  44  7:24  Spine Crawler x2  
  44  7:25  Spine Crawler x2  
  44  7:27  Spine Crawler x2  
  44  7:28  Spine Crawler  
  34  7:43  Mutalisk  
  34  7:57  Mutalisk  
  34  7:58  Mutalisk  
  34  8:11  Leviathan  
  34  8:18  Mutalisk x4  
  34  8:19  Mutalisk x4  
  50  8:25  Leviathan  
  50  8:26  Leviathan  
  50  8:51  Mutalisk  
  52  9:11  Mutalisk  
  47  10:35  Overlord x2  
  47  10:36  Overlord x4  
  47  11:05  Drone  
  47  11:06  Drone x5  
  53  11:46  Hatchery  
  52  12:12  Drone  
  52  12:13  Drone x6  
  59  12:26  Extractor  
  59  12:27  Extractor  
  57  12:30  Drone  
  57  12:31  Drone x2  
  60  12:43  Drone x3  
  63  13:00  Drone  
  63  13:01  Drone x3  
  67  13:26  Rapid Regeneration  
  67  13:29  Infestation Pit  
  66  13:30  Drone x2  
  66  13:31  Drone  
  66  13:34  Drone x3  
  72  14:11  Hive  
  72  14:16  Vicious Glave  
  72  14:23  Drone x5  
  72  14:24  Overlord x3, Drone  
  72  14:25  Overlord x2, Mutalisk  
  80  14:59  Mutalisk  
  82  15:00  Mutalisk x5  
  82  15:01  Mutalisk  
  94  15:19  Sundering Glave  
  94  16:25  Mutalisk  
  94  16:26  Mutalisk x7  
  110  16:43  Zerg Flyer Weapons Level 1  
  110  16:55  Mutalisk x2  
  114  17:35  Mutalisk x2  
  114  17:36  Mutalisk x2  
  122  17:54  Mutalisk  
  124  18:36  Zerg Flyer Weapons Level 2  
  124  19:23  Mutalisk  
  124  19:24  Mutalisk x4  
  134  19:33  Overlord x5  
  134  19:34  Overlord x3, Drone  
  134  19:35  Drone x5  
  140  20:19  Drone x4  
  144  20:20  Drone x7  
  149  21:06  Mutalisk x2  
  149  21:07  Mutalisk x6  
  165  21:46  Mutalisk x2  
  165  21:47  Mutalisk  
  171  22:31  Zerg Flyer Weapons Level 3  
  171  22:50  Spore Crawler  
  171  22:52  Spore Crawler x2  
  171  22:53  Spore Crawler x5  
  171  22:54  Spore Crawler x3  
  171  22:55  Spore Crawler, Spine Crawler x2  
  171  22:57  Spine Crawler  
  171  22:59  Spine Crawler x2  
  154  23:00  Spine Crawler x2  
  154  23:04  Spine Crawler  
  151  23:22  Drone  
  151  23:23  Drone x15  
  151  23:24  Drone x2  
  169  24:02  Mutalisk  
  169  24:03  Mutalisk x5  
  169  24:04  Mutalisk x2  
  185  24:46  Spine Crawler  
  185  24:47  Spine Crawler  
  185  24:49  Spine Crawler x2  
  181  24:50  Spine Crawler  
  181  24:53  Spine Crawler x2  
  181  24:54  Spine Crawler  
  181  24:55  Spine Crawler  
  181  24:56  Spine Crawler x2  
  181  24:58  Spine Crawler x3  
  181  24:59  Spore Crawler  
  170  25:00  Spore Crawler  
  169  25:14  Drone  
  169  25:15  Drone x15  
  185  25:54  Mutalisk  
  185  25:55  Mutalisk x6  
  191  26:14  Mutalisk x4  
  199  26:36  Spine Crawler x2  
  197  27:04  Spine Crawler  
  197  27:08  Spine Crawler x3  
  197  27:09  Spine Crawler x2  
  191  27:10  Spine Crawler  
  191  27:11  Spine Crawler x4  
  191  27:13  Spine Crawler  
  191  27:16  Spine Crawler  
Show
View Real Time Build Order
Export as new Build Order

ViS Zerg 

Build Orders:  

Get SALT Encoding   

  18  0:07  Primal Drone  
  19  0:17  Primal Drone  
  20  0:23  Extractor  
  20  0:29  Primal Drone  
  21  0:53  Primal Warden  
  22  1:00  Primal Drone  
  22  1:03  Primal Drone  
  24  1:10  Primal Drone  
  25  1:33  Extractor  
  25  1:34  Primal Drone x2  
  27  1:46  Primal Drone  
  28  2:01  Glevig's Den  
  27  2:40  Primal Drone x3  
  27  2:43  Primal Drone  
  31  3:05  Primal Drone  
  32  3:25  Primal Drone  
  29  3:33  Primal Drone  
  29  3:35  Murvar's Den  
  30  4:04  Primal Drone  
  30  4:05  Primal Drone  
  30  4:08  Primal Warden  
  32  4:17  Primal Drone  
  33  4:49  Primal Drone  
  34  4:50  Primal Drone  
  36  5:04  Primal Warden  
  36  5:28  Primal Drone x2  
  38  5:54  Primal Drone x2  
  38  5:55  Primal Swarm Host  
  38  5:56  Primal Swarm Host x7  
  64  6:11  Primal Drone  
  65  6:28  Primal Swarm Host  
  65  6:29  Primal Swarm Host  
  71  6:46  Primal Drone x2  
  71  6:47  Primal Swarm Host  
  71  6:48  Primal Zergling  
  71  6:49  Primal Zergling  
  78  7:14  Primal Drone x2  
  80  7:31  Primal Drone  
  80  7:34  Primal Swarm Host x2  
  84  8:04  Primal Swarm Host x2  
  84  8:05  Primal Zergling x6  
  96  8:22  Primal Swarm Host  
  96  8:29  Primal Zergling  
  97  8:54  Primal Swarm Host  
  97  9:06  Primal Swarm Host  
  100  9:13  Primal Zergling  
  100  9:14  Primal Zergling x8  
  109  9:35  Primal Swarm Host  
  112  9:54  Primal Zergling x5  
  117  10:07  Primal Zergling x3  
  120  10:28  Primal Drone  
  120  10:29  Primal Drone x2  
  128  11:27  Primal Swarm Host x4  
  128  11:28  Primal Swarm Host x2  
  141  11:35  Primal Swarm Host  
  144  12:34  Primal Hive  
  144  12:36  Dakrun's Den  
  148  13:17  Primal Swarm Host x2  
  143  13:56  Primal Swarm Host x2  
  149  14:12  Primal Swarm Host  
  152  14:27  Primal Swarm Host  
  155  14:38  Primal Drone x8  
  155  14:39  Primal Drone, Extractor x2  
  164  14:55  Primal Drone  
  164  14:56  Primal Attacks Level 1, Primal Drone  
  166  15:17  Primal Swarm Host  
  169  15:20  Primal Swarm Host  
  172  16:26  Primal Swarm Host x6  
  190  16:32  Primal Drone x2  
  192  17:13  Primal Swarm Host x2  
  191  17:57  Primal Swarm Host x3  
  193  18:35  Primal Swarm Host  
  193  18:36  Primal Swarm Host x2  
  196  18:41  Primal Drone x3  
  196  18:42  Primal Drone  
  198  19:09  Aerial Burst Sacs  
  190  20:14  Primal Swarm Host x4  
  190  20:18  Primal Swarm Host  
  196  21:09  Primal Swarm Host  
  198  22:07  Primal Swarm Host  
Tags
 
Add a new tag
Caveats
  • Supply blocks, unpowered buildings, or Contaminate may cause inaccurate times.
  • Supply counts are checked every 10 seconds.